 Dungeon Crawl Stone Soup version 0.25-a0-665-ga69d64035b (webtiles) character file.

Game seed: 11870524942739580703, levelgen mode: deterministic

89744 MisterFreud the Spry (level 15, -1/80 HPs)
             Began as a Felid Berserker on Mar 26, 2020.
             Was the Champion of Trog.
             Slain by a salamander
             ... wielding a +0 halberd
              (12 damage)
             ... on level 4 of the Snake Pit.
             The game lasted 01:14:36 (35202 turns).

MisterFreud the Spry (Felid Berserker)             Turns: 35202, Time: 01:14:36

Health: -1/80      AC: 12    Str: 13    XL:     15   Next: 50%
Magic:  0/26       EV: 36    Int:  8    God:    Trog [******]
Gold:   3200       SH:  0    Dex: 23    Spells: 14/14 levels left
                                        Lives:  0   Deaths: 4

rFire    . . .     SeeInvis +     - Unarmed
rCold    + . .     Gourm    .   (shield unavailable)
rNeg     . . .     Faith    .   (armour unavailable)
rPois    .         Spirit   +   (helmet unavailable)
rElec    .         Reflect  .   (cloak unavailable)
rCorr    .         Harm     .   (gloves unavailable)
MR       ++...                  (boots unavailable)
Stlth    ++++++....             s - amulet of guardian spirit
HPRegen  0.23/turn              S - +6 ring of protection
MPRegen  0.20/turn              g - +3 ring of protection

@: studying Evocations, quick
A: very small, no armour, no weapons or thrown items, stealth, claws 1, fangs 3,
see invisible, carnivore, speed 1, shaggy fur 3, slow metabolism 1, sharp paws
a: Berserk, Trog's Hand, Brothers in Arms, Renounce Religion


You were on level 4 of the Snake Pit.
You worshipped Trog.
Trog was exalted by your worship.
You were not hungry.

You visited 4 branches of the dungeon, and saw 27 of its levels.
You also visited: Sewer and Ice Cave.

You collected 3330 gold pieces.
You spent 130 gold pieces at shops.

Inventory:

Jewellery
 g - a +3 ring of protection (right paw)
 k - an uncursed ring of protection from fire
 n - an uncursed ring of magical power
 q - an uncursed amulet of magic regeneration
 s - an amulet of guardian spirit (around neck)
 D - an uncursed ring of flight
 I - an uncursed ring of fire
 S - a +6 ring of protection (left paw)
 U - a +3 ring of intelligence
 Y - an uncursed ring of protection from cold
Wands
 h - a wand of disintegration (52)
 v - a wand of flame (22)
 y - a wand of enslavement (7)
 J - a wand of polymorph (6)
 K - a wand of paralysis (6)
 N - a wand of scattershot (9)
 P - a wand of clouds (5)
 Q - a wand of acid (5)
 W - a wand of iceblast (8)
Scrolls
 c - 8 scrolls of magic mapping
 d - 3 scrolls of identify
 j - 2 scrolls of immolation
 l - a scroll of fog
 m - 9 scrolls of teleportation
 o - 18 scrolls of remove curse
 w - 3 scrolls of fear
 O - 2 scrolls of vulnerability
Potions
 b - 4 potions of might
 e - 8 potions of curing
 f - 5 potions of heal wounds
 i - 7 potions of haste
 p - a potion of resistance
 t - 5 potions of lignification
 u - 3 potions of brilliance
 x - 3 potions of invisibility
 z - 2 potions of flight
 A - 4 potions of mutation
 B - 4 potions of ambrosia
 F - 3 potions of berserk rage
 H - 4 potions of stabbing
 M - a potion of magic
 T - a potion of cancellation
Books
 r - a manual of Evocations
Miscellaneous
 C - a sack of spiders
 G - a lamp of fire
 L - 2 boxes of beasts
Comestibles
 a - 50 rations


   Skills:
 + Level 17.5 Fighting
 + Level 18.0 Dodging
 + Level 11.4 Stealth
 - Level 15.0 Unarmed Combat
 + Level 14.1 Evocations


You had 14 spell levels left.
You didn't know any spells.
Your spell library was empty.

Dungeon Overview and Level Annotations

Branches:
Dungeon (15/15)            Temple (0/1) D:6            Lair (6/6) D:10
 Shoals (0/4) Lair:2        Snake (4/4) Lair:2          Orc (2/2) D:12
    Elf (0/3) Orc:2        Vaults (0/5) D:14          Sewer (visited)
  IceCv (visited)
  Slime: Lair:5-6    Depths: D:15

Altars:
Ashenzari
Dithmenos
Gozag
Hepliaklqana
Kikubaaqudgha
Qazlal
Ru
Sif Muna
Trog
Vehumet
Yredelemnul
Zin
Beogh

Shops:
D:5 =*(   D:6 =   Orc:1 [   Orc:2 *([[   Snake:1 (   Snake:2 (   Snake:3 =

Annotations:
D:6 1 runed translucent door
D:13 3 runed translucent doors
Lair:1 1 runed translucent door, Subbak's ghost, journeyman SpEn
Lair:5 3 runed translucent doors, exclusion: 2 oklob plants, Zorot's ghost, journeyman FoFi
Snake:1 Roxanne


Innate Abilities, Weirdness & Mutations

You cannot wear armour.
You are incapable of wielding weapons or throwing items.
Your paws allow you to move quietly. (Stealth)
You have sharp claws.
You have razor-sharp teeth.
You have supernaturally acute eyesight. (SInv)
You are carnivorous and can eat meat at any time.
You cover ground quickly.
Your thick and shaggy fur keeps you warm. (AC +3, rC+)
You have a slow metabolism.
Your sharp claws are effective at attacking unaware monsters.


Message History

The shock serpent misses you.
The shock serpent shoots out a bolt of lightning at you!
The bolt of electricity misses you. The salamander completely misses you.
The shock serpent completely misses you.
The shock serpent bites you but does no damage.
The shock serpent shoots out a bolt of lightning at you!
The bolt of electricity hits you!!
The guardian serpent casts a spell.
The shock serpent blinks!
The salamander blinks!
The shock serpent shoots out a bolt of lightning at you!
The bolt of electricity hits you!! The salamander completely misses you.
Your troll goes berserk!
You feel quite a bit more hungry.
The shock serpent shoots out a bolt of lightning at you!
The bolt of electricity hits you!!
* * * LOW HITPOINT WARNING * * *
The salamander hits you from afar with a +0 halberd.
* * * LOW HITPOINT WARNING * * *
You are engulfed in flames!
You die...

#........
#..............
#..............
#..............
#...............
#...............
#...............
#####......!........
#)....@SSĀ§......<...
#)###...N...........
#)# #..T............
#.# #...............
#.# #...............
#<# ####..........##
### #.##..)....#
#.##.........
..##......###


You could see a salamander, a shock serpent, a guardian serpent and a friendly
troll (berserk).

Vanquished Creatures
  Jorgrun (Orc:2)
  Frances (D:13)
  A nagaraja (Snake:3)
  Kirke (Snake:1)
  Josephine (D:11)
  15 naga warriors
  3 centaur warriors (D:14)
  5 anacondas
  10 hydras
  An ogre mage (D:14)
  7 two-headed ogres
  A death yak (Lair:2)
  Urug (Lair:5)
  6 orc high priests (Orc:2)
  7 shock serpents
  9 naga sharpshooters
  2 skeletal warriors
  3 salamander mystics
  A wizard (D:14)
  2 unseen horrors
  3 naga ritualists
  7 orc knights
  3 cyclopes
  11 salamanders
  5 mana vipers
  17 ugly things
  2 manticores
  12 elephants
  A torpor snail (Lair:2)
  21 black mambas
  Maurice (Orc:1)
  2 guardian serpents
  3 ice statues (IceCv)
  A centaur zombie (D:15)
  11 naga magi
  A molten gargoyle (Lair:3)
  14 spiny frogs
  Psyche (D:10)
  4 gargoyles
  7 centaur skeletons
  A rime drake (Lair:5)
  4 kobold demonologists
  4 komodo dragons
  4 polar bears
  6 trolls
  4 hornets (Lair:6)
  3 slime creatures (D:15)
  A blink frog (shapeshifter) (D:14)
  6 blink frogs
  2 dream sheep (Lair:6)
  10 hippogriffs
  Sigmund (D:4)
  A shadow (D:15)
  10 spriggans (Lair:6)
  A vampire (D:15)
  3 fire elementals (Lair:3)
  3 wraiths (D:11)
  3 wyverns
  5 basilisks
  34 yaks
  Eustachio (D:6)
  2 hungry ghosts (D:15)
  9 fire bats (Lair:3)
  3 hogs (Snake:1)
  5 vampire mosquitoes (D:14)
  A warg (D:13)
  27 nagas
  2 soldier ants
  2 acid dragons
  6 porcupines
  2 hell hounds (Lair:3)
  11 water moccasins
  2 sky beasts
  5 black bears
  29 orc warriors
  18 ice beasts
  2 hornet zombies
  36 wolves
  10 ogres
  5 boggarts (Lair:6)
  2 necrophages
  8 centaurs
  11 crocodiles
  6 big kobolds
  A gnoll sergeant (D:7)
  16 bullfrogs
  A water moccasin zombie (D:8)
  4 wyvern skeletons
  A scorpion (D:9)
  10 wights
  16 killer bees
  An electric eel (Lair:3)
  6 howler monkeys
  9 crimson imps
  A bullfrog zombie (D:5)
  3 lava snakes (Lair:3)
  2 quasits
  5 jellies
  5 hounds
  20 orc wizards
  Crazy Yiuf (D:5)
  31 orc priests
  2 bullfrog skeletons
  2 iguanas
  6 worker ants
  A hound zombie (D:10)
  2 hound skeletons (D:5)
  20 adders
  18 gnolls
  7 shadow imps
  11 oozes
  2 adder skeletons
  7 worms
  2 dart slugs (D:2)
  9 leopard geckos
  103 orcs
  2 ball pythons
  2 bat zombies (D:9)
  5 giant cockroaches
  10 goblins
  5 hobgoblins
  19 jackals
  5 quokkas
  12 bats
  13 frilled lizards
  28 kobolds
  A leopard gecko skeleton (D:4)
  8 rats
  2 rat zombies (D:9)
  A fire vortex (Lair:3)
  2 plants (Lair:3)
956 creatures vanquished.

Vanquished Creatures (collateral kills)
  Rupert (D:15)
  A guardian serpent (Snake:1)
  A naga mage (Snake:1)
  A naga (Snake:1)
  A bullfrog (D:15)
5 creatures vanquished.

Vanquished Creatures (others)
  A human (Snake:1)
  An orc (D:14)
  15 fungi
  15 plants
32 creatures vanquished.

Grand Total: 993 creatures vanquished

Notes
Turn   | Place    | Note
-------+----------+-------------------------------------------
     0 | D:1      | MisterFreud the Felid Berserker began the quest for the
                  | Orb.
     0 | D:1      | Reached XP level 1. HP: 10/10 MP: 2/2
   240 | D:1      | Reached XP level 2. HP: 14/14 MP: 3/3
  1183 | D:2      | Reached XP level 3. HP: 18/18 MP: 4/4
  1470 | D:2      | Reached ** piety under Trog
  1633 | D:2      | Reached XP level 4. HP: 17/22 MP: 5/5
  1754 | D:2      | Reached skill level 5 in Fighting
  2308 | D:2      | Reached skill level 1 in Stealth
  2783 | D:3      | Reached *** piety under Trog
  2783 | D:3      | Reached XP level 5. HP: 26/26 MP: 6/6
  2853 | D:3      | Found a glowing silver altar of Zin.
  3511 | D:4      | Found an opulent altar of Gozag.
  3515 | D:4      | Noticed Sigmund
  3543 | D:4      | Killed Sigmund
  3543 | D:4      | Reached skill level 5 in Dodging
  3543 | D:4      | Gained mutation: You are covered in thick fur. (AC +2)
                  | [Felid growth]
  3543 | D:4      | Reached XP level 6. HP: 31/31 MP: 7/7
  3733 | D:4      | Reached XP level 7. HP: 34/34 MP: 8/8
  3810 | D:4      | Reached skill level 6 in Dodging
  4656 | D:5      | Entered Level 5 of the Dungeon
  4670 | D:5      | Reached skill level 5 in Stealth
  4696 | D:5      | Reached skill level 5 in Unarmed Combat
  4864 | D:5      | Found a glowing drain.
  4869 | Sewer    | Entered a sewer
  4990 | Sewer    | Reached skill level 7 in Dodging
  5140 | Sewer    | Reached **** piety under Trog
  5142 | Sewer    | Reached XP level 8. HP: 38/38 MP: 9/9
  5386 | D:5      | Found Oror's General Store.
  5397 | D:5      | Bought a scroll of teleportation for 39 gold pieces
  5397 | D:5      | Bought a scroll of identify for 26 gold pieces
  5397 | D:5      | Bought a scroll of identify for 26 gold pieces
  5397 | D:5      | Bought a potion of curing for 39 gold pieces
  5719 | D:5      | Reached skill level 8 in Dodging
  5748 | D:5      | Reached skill level 9 in Dodging
  6029 | D:5      | Found Mynumn's Jewellery Boutique.
  6116 | D:5      | Found a runed translucent door.
  6117 | D:5      | Noticed Crazy Yiuf
  6216 | D:5      | Found Poraezom's Weapon Shop.
  6390 | D:5      | Killed Crazy Yiuf
  6390 | D:5      | Reached skill level 10 in Dodging
  6468 | D:6      | Found a glowing silver altar of Zin.
  6469 | D:6      | Found a runed translucent door.
  6469 | D:6      | Noticed an angel
  6643 | D:6      | Reached skill level 1 in Evocations
  6648 | D:6      | Noticed Eustachio
  6649 | D:6      | Found Goprudoo's Jewellery Emporium.
  6656 | D:6      | Killed Eustachio
  6663 | D:6      | Found a sacrificial altar of Ru.
  6833 | D:6      | Found a basalt altar of Yredelemnul.
  7110 | D:6      | Found a staircase to the Ecumenical Temple.
  7217 | D:7      | Reached XP level 9. HP: 27/41 MP: 11/11
  7371 | D:7      | Noticed a two-headed ogre
  7569 | D:7      | Killed a two-headed ogre
  7961 | D:7      | Reached skill level 5 in Evocations
  8053 | D:7      | Reached skill level 11 in Dodging
  8359 | D:8      | Found a shimmering blue altar of Sif Muna.
  8389 | D:8      | Reached XP level 10. HP: 32/47 MP: 14/14
  8834 | D:8      | Found a hazy altar of Hepliaklqana.
  9104 | D:8      | Found a shadowy altar of Dithmenos.
  9104 | D:8      | Found a shattered altar of Ashenzari.
  9104 | D:8      | Found a bloodstained altar of Trog.
  9525 | D:9      | Found a stormy altar of Qazlal.
  9615 | D:9      | Found an ancient bone altar of Kikubaaqudgha.
 10118 | D:10     | Entered Level 10 of the Dungeon
 10321 | D:10     | Noticed a gargoyle
 10324 | D:10     | Killed a gargoyle
 10394 | D:10     | Found a staircase to the Lair.
 10403 | D:10     | Noticed a two-headed ogre
 10427 | D:10     | Reached skill level 12 in Dodging
 10438 | D:10     | Killed a two-headed ogre
 10438 | D:10     | Reached skill level 10 in Stealth
 10565 | D:10     | Noticed a two-headed ogre
 10572 | D:10     | Killed a two-headed ogre
 10572 | D:10     | Reached XP level 11. HP: 52/52 MP: 15/15
 10607 | D:10     | Noticed a skeletal warrior
 10613 | D:10     | Killed a skeletal warrior
 10618 | D:10     | Shot with a bolt by a yaktaur
 10619 | D:10     | Reached XP level 10. HP: -4/73 MP: 14/14
 10665 | D:10     | Noticed Psyche
 10671 | D:10     | Killed Psyche
 10753 | D:10     | Identified the amulet of Crawling {RegenMP rF+ MR+}
 10792 | D:10     | Reached ***** piety under Trog
 11236 | D:11     | Noticed Josephine
 11248 | D:11     | Reached skill level 13 in Dodging
 11254 | D:11     | Killed from afar by Josephine
 11255 | D:11     | Reached XP level 9. HP: -6/67 MP: 13/13
 11324 | D:11     | Noticed a white ugly thing
 11469 | D:11     | Noticed an unseen horror
 11472 | D:11     | Killed an unseen horror
 11490 | D:11     | Reached XP level 10. HP: 49/49 MP: 14/14
 11590 | D:11     | Noticed a cyclops
 11606 | D:11     | Killed a cyclops
 11834 | D:11     | Killed Josephine
 12251 | D:11     | Killed a white ugly thing
 12463 | D:12     | Noticed a brown ugly thing
 12478 | D:12     | Killed a brown ugly thing
 12478 | D:12     | Reached skill level 10 in Fighting
 12478 | D:12     | Reached skill level 10 in Unarmed Combat
 12586 | D:12     | Reached skill level 14 in Dodging
 12675 | D:12     | Found a staircase to the Orcish Mines.
 12909 | D:12     | Noticed a purple ugly thing
 12913 | D:12     | Noticed a gargoyle
 12916 | D:12     | Reached XP level 11. HP: 48/54 MP: 15/15
 13052 | Lair:1   | Entered Level 1 of the Lair of Beasts
 13308 | Lair:1   | Found a runed translucent door.
 13308 | Lair:1   | Noticed Subbak's ghost (journeyman SpEn)
 13418 | Lair:1   | Noticed a six-headed hydra
 13431 | Lair:1   | Killed a six-headed hydra
 14391 | Lair:2   | Found a staircase to the Snake Pit.
 14800 | Lair:2   | Noticed a death yak
 14815 | Lair:2   | Killed a death yak
 14976 | Lair:2   | HP: 2/56 [poisoned by a spiny frog]
 15119 | Lair:2   | Found a staircase to the Shoals.
 15438 | Lair:3   | Found a frozen archway.
 15465 | Lair:3   | Gained mutation: Your thick and shaggy fur keeps you warm.
                  | (AC +3, rC+) [Felid growth]
 15465 | Lair:3   | Reached XP level 12. HP: 61/61 MP: 16/16
 15493 | IceCv    | Entered an ice cave
 17414 | Lair:3   | Noticed an eight-headed hydra
 17418 | Lair:3   | Killed an eight-headed hydra
 17648 | Lair:4   | Reached ****** piety under Trog
 18102 | Lair:4   | Reached XP level 13. HP: 36/66 MP: 17/17
 19091 | Lair:5   | Noticed Urug
 19112 | Lair:5   | Killed Urug
 19202 | Lair:5   | Noticed Zorot's ghost (journeyman FoFi)
 19204 | Lair:5   | Noticed a minotaur
 19462 | Lair:5   | Found a runed translucent gate.
 19462 | Lair:5   | Found a runed translucent gate.
 19462 | Lair:5   | Found a runed translucent gate.
 20193 | Lair:6   | Entered Level 6 of the Lair of Beasts
 21566 | Lair:6   | Mangled by a spriggan rider
 21567 | Lair:6   | Reached XP level 12. HP: -7/64 MP: 16/16
 21709 | Lair:6   | Reached XP level 13. HP: 53/68 MP: 12/17
 22408 | D:12     | Reached skill level 15 in Unarmed Combat
 22627 | D:12     | Found a roughly hewn altar of Beogh.
 22742 | D:13     | Noticed Frances
 22746 | D:13     | Killed Frances
 22746 | D:13     | Reached skill level 15 in Fighting
 22840 | D:13     | Found a runed translucent door.
 22853 | D:13     | Found a runed translucent door.
 22867 | D:13     | Found a runed translucent door.
 23379 | D:13     | Noticed a merfolk impaler
 23604 | D:14     | You fall into a shaft and drop 1 floor!
 23604 | D:15     | Entered Level 15 of the Dungeon
 24105 | D:15     | Reached skill level 15 in Dodging
 24342 | D:15     | Noticed Rupert
 24351 | D:15     | Killed Rupert
 24687 | D:14     | Reached XP level 14. HP: 49/74 MP: 8/19
 25528 | D:14     | Found a gate to the Vaults.
 26362 | Orc:1    | Entered Level 1 of the Orcish Mines
 26378 | Orc:1    | Noticed Maurice
 26393 | Orc:1    | Killed Maurice
 26719 | Orc:1    | Found a radiant altar of Vehumet.
 26883 | Orc:2    | Entered Level 2 of the Orcish Mines
 26883 | Orc:2    | Noticed Jorgrun
 26888 | Orc:2    | Killed Jorgrun
 26931 | Orc:1    | Found Kelyull's Antique Armour Shoppe.
 27173 | Orc:2    | Found a staircase to the Elven Halls.
 27287 | Orc:2    | Reached skill level 16 in Dodging
 28892 | Orc:2    | Reached skill level 10 in Evocations
 28966 | Orc:2    | Found Buwa's General Store.
 28966 | Orc:2    | Found Woehex's Armour Shop.
 28967 | Orc:2    | Found Ycim Yxa's Weapon Boutique.
 28967 | Orc:2    | Found Zir Zak's Antique Armour Shop.
 29109 | Orc:2    | Identified a scroll of acquirement
 29109 | Orc:2    | Identified the ring of the Barnacle {rElec rPois rF- EV+5
                  | Dex-5} (You acquired it on level 2 of the Orcish Mines)
 29251 | Snake:1  | Entered Level 1 of the Snake Pit
 29596 | Snake:1  | Found Zideheo's Antique Weapon Boutique.
 29650 | Snake:1  | Reached XP level 15. HP: 71/79 MP: 16/23
 29663 | Snake:1  | Shot with a bolt by a naga sharpshooter
 29664 | Snake:1  | Reached XP level 14. HP: 0/75 MP: 0/22
 30009 | Snake:1  | Noticed Kirke
 30041 | Snake:1  | Killed Kirke
 31100 | Snake:1  | Reached skill level 17 in Dodging
 32248 | Snake:1  | Identified Roxanne's Reference Book on Clay
 32248 | Snake:1  | Noticed Roxanne
 32842 | Snake:2  | Reached XP level 15. HP: 67/80 MP: 20/25
 33005 | Snake:2  | Found Halig's Weapon Boutique.
 34526 | Snake:3  | Noticed a nagaraja
 34542 | Snake:3  | Killed a nagaraja
 34542 | Snake:3  | Reached skill level 18 in Dodging
 34857 | Snake:3  | Found Bugo's Jewellery Shoppe.
 34898 | Snake:4  | Entered Level 4 of the Snake Pit
 35202 | Snake:4  | Slain by a salamander

Levels and vault maps discovered:
D:1:      matt_arrival_refuge, layout_basic
D:2:      minmay_razor_zed, layout_basic, nrook_loot_triangle,
          columned_hall_lemuel
D:3:      layout_basic, lemuel_round_altar, glass_columns_b,
          chequers_serial_rivers_small_3, dk_noncrumbling_2, minivault_14
D:4:      layout_basic, lemuel_round_altar, uniq_sigmund
D:5:      layout_rooms, portal_sewer_entry_e, first_ration, serial_shops,
          nicolae_shop_stone, nicolae_shop_waterfront, shop,
          kennysheep_generic_room_15, uniq_crazy_yiuf_cottage
D:6:      layout_basic, kennysheep_mini, nicolae_ru_awakened_eye,
          lemuel_temple_firewalk_b, serial_shops, shop_fountains, st_stairs_4,
          lemuel_angel_altar, uniq_eustachio
D:7:      hangedman_cross_stitches, layout_basic
D:8:      layout_cave_pools, marbit_many_paths, nicolae_overflow_crystal_walls,
          gammafunk_temple_overflow_claw, hangedman_little_slice_of_home
D:9:      layout_cave_pools, lemuel_zombie_altar_kikubaaqudgha,
          grunt_qazlal_sundering
D:10:     minmay_blocky_corners, layout_loops_cross, david_lair_generic,
          uniq_psyche
D:11:     layout_stronghold, uniq_josephine
D:12:     layout_long_grid, minmay_orc_entry_temple_small
D:13:     layout_roguey, mikee_hates_you, uniq_frances
D:14:     layout_layer_cave, hangedman_vaults_entry_quadrant_bands,
          solitary_fountain
D:15:     grunt_enter_depths_snipers, layout_basic, uniq_rupert
Lair:1:   layout_roguey, hellmonk_ghost_happy_afterlife
Lair:2:   layout_concentric_octagons, elwin_shoals_entry_rocks,
          minmay_snake_entry_guardpost_small, st_stairs_4,
          hangedman_lair_unloving_vines, minivault_25
Lair:3:   layout_chaotic_city, portal_ice_cave_entry_ice_beasts,
          enter_volcano_3, wad_woods_road_02, serial_bayou_shore_a
Lair:4:   layout_roguey
Lair:5:   layout_cave_pods, minmay_slime_entry_oklob_open,
          maelrawn_ghost_gauntlet_escape, uniq_urug
Lair:6:   minmay_lair_end_enchanted_forest, layout_big_grid, lemuel_fruit_tree,
          grunt_megastairs_5
Snake:1:  kennysheep_snake, layout_grid_shapes, serial_shops, shop_fountains,
          uniq_roxanne, uniq_kirke
Snake:2:  layout_grid_maze, serial_shops, nicolae_shop_crystal, special_room
Snake:3:  layout_gridlike, serial_shops, shop
Snake:4:  minmay_snake_end_coiled, layout_basic, serial_shops,
          nicolae_shop_window_shopping
Orc:1:    layout_diamond_mine, basic_altar, serial_shops,
          nicolae_shop_overgrown_old_shop, statue_in_the_mist_lemuel, rock_pile,
          uniq_maurice
Orc:2:    st_orc_pillars, layout_caves, uniq_jorgrun

Skill      XL: |  1  2  3  4  5  6  7  8  9 10 11 12 13 14 15 |
---------------+----------------------------------------------+-----
Fighting       | 4 5 6 7 10 11 13 15 17 | 17.5
Stealth        | 1 3 4 6 8 10 11 | 11.4
Dodging        | 5 7 10 11 14 15 17 18 | 18.0
Unarmed Combat | 4 5 6 7 10 11 13 15 | 15.0
Evocations     | 2 5 6 13 14 | 14.1

Action                   |  1- 3 |  4- 6 |  7- 9 | 10-12 | 13-15 || total
-------------------------+-------+-------+-------+-------+-------++-------
Melee: Unarmed           |   144 |   159 |   492 |   920 |  1642 ||  3357
       Bite              |    15 |    21 |    64 |   122 |   217 ||   439
       Punch             |     2 |     2 |    10 |    51 |   157 ||   222
Invok: Berserk           |     1 |     3 |    12 |    41 |    48 ||   105
       Trog's Hand       |       |     2 |    10 |    16 |    22 ||    50
       Brothers in Arms  |       |       |       |       |     3 ||     3
Evoke: Wand              |       |       |       |     4 |     6 ||    10
       Box of beasts     |       |       |       |     1 |       ||     1
       Lamp of fire      |       |       |       |       |     2 ||     2
  Use: Scroll            |       |     8 |     6 |    13 |    12 ||    39
       Potion            |       |       |     2 |       |     2 ||     4
 Stab: Sleeping          |     3 |     8 |    22 |    44 |    64 ||   141
       Distracted        |     1 |       |     2 |       |     8 ||    11
       Paralysed         |       |       |       |       |     1 ||     1
  Eat: Chunk             |     9 |     7 |    28 |    61 |    83 ||   188
       Ration            |       |       |       |     2 |     5 ||     7
Armor: Skin              |    13 |    18 |    48 |    57 |   105 ||   241
Dodge: Dodged            |   109 |   137 |   480 |   910 |  1464 ||  3100

Table legend:
 A = Non-vault XP
 B = Vault XP
 C = Vault XP percentage of total XP
 D = Non-vault monster count
 E = Vault monster count
 F = Vault count percentage of total count
                 A         B        C        D         E       F
            +---------+---------+-------+---------+---------+-------
      Total |  131032 |   71150 |  35.2 |     672 |     286 |  29.9
            +---------+---------+-------+---------+---------+-------
        D:1 |      34 |       0 |   0.0 |      24 |       0 |   0.0
        D:2 |      88 |      45 |  33.8 |      29 |      10 |  25.6
        D:3 |     139 |       0 |   0.0 |      23 |       0 |   0.0
        D:4 |     477 |     227 |  32.2 |      32 |       1 |   3.0
        D:5 |    1226 |      41 |   3.2 |      38 |       1 |   2.6
        D:6 |     159 |     327 |  67.3 |       4 |       3 |  42.9
        D:7 |    1210 |    1127 |  48.2 |      26 |       7 |  21.2
        D:8 |     677 |     203 |  23.1 |       6 |       9 |  60.0
        D:9 |    1660 |       6 |   0.4 |      24 |       4 |  14.3
       D:10 |    3251 |    2460 |  43.1 |      25 |       9 |  26.5
       D:11 |    3824 |    1722 |  31.0 |      30 |       4 |  11.8
       D:12 |    4569 |     135 |   2.9 |      50 |       6 |  10.7
       D:13 |    3275 |    2428 |  42.6 |      20 |       2 |   9.1
       D:14 |   11824 |    6469 |  35.4 |      48 |      19 |  28.4
       D:15 |   12417 |    2384 |  16.1 |      40 |       1 |   2.4
     Lair:1 |    3870 |       0 |   0.0 |      16 |       0 |   0.0
     Lair:2 |    4464 |     975 |  17.9 |      17 |       4 |  19.0
     Lair:3 |    8303 |    1709 |  17.1 |      30 |      12 |  28.6
     Lair:4 |    8211 |       0 |   0.0 |      38 |       0 |   0.0
     Lair:5 |    5470 |    1486 |  21.4 |      24 |       3 |  11.1
     Lair:6 |    7780 |    9017 |  53.7 |      19 |      45 |  70.3
    Snake:1 |   10822 |   22986 |  68.0 |      23 |      38 |  62.3
    Snake:2 |   16862 |       0 |   0.0 |      33 |       0 |   0.0
    Snake:3 |   14448 |       0 |   0.0 |      21 |       0 |   0.0
    Snake:4 |    2123 |       0 |   0.0 |       3 |       0 |   0.0
      Orc:1 |    1612 |     469 |  22.5 |      15 |       5 |  25.0
      Orc:2 |    2237 |   13524 |  85.8 |      14 |      67 |  82.7
      Sewer |       0 |     103 | 100.0 |       0 |      25 | 100.0
      IceCv |       0 |    3307 | 100.0 |       0 |      11 | 100.0
            +---------+---------+-------+---------+---------+-------
